 Dungeon Crawl Stone Soup version 0.27-a0-988-g25969acef8 (webtiles) character file.

Game seed: 7696718696588627861

136 Lugonue the Skirmisher (level 5, 0/28 HPs)
             Began as a Vine Stalker Abyssal Knight on Apr 15, 2021.
             Was a Follower of Lugonu.
             Slain by Crazy Yiuf
             ... wielding a +4 quarterstaff of chaos
              (7 damage)
             ... on level 2 of the Dungeon.
             The game lasted 00:03:05 (2554 turns).

Lugonue the Skirmisher (VSAK)                       Turns: 2554, Time: 00:03:09

Health: 0/28       AC:  3    Str: 14    XL:     5   Next: 19%
Magic:  0/7        EV: 11    Int: 13    God:    Lugonu [*.....]
Gold:   110        SH:  0    Dex: 14    Spells: 4/4 levels left

rFire    . . .     SeeInvis .   a - +2 mace
rCold    . . .     Faith    .   (no shield)
rNeg     . . .     Spirit   +   b - +0 leather armour
rPois    .         Reflect  .   (no helmet)
rElec    .         Harm     .   (no cloak)
rCorr    .         Rampage  .   (no gloves)
Will     .....                  (no boots)
Stlth    +.........             (no amulet)
HPRegen  1.09/turn              (no ring)
MPRegen  0.10/turn              (no ring)

@: hasted, very quick
A: fangs 2, regeneration 1, magic shield, antimagic bite, no potion heal 2
a: Renounce Religion, Depart the Abyss


You were on level 2 of the Dungeon.
You worshipped Lugonu.
Lugonu was aware of your devotion.
You visited 1 branch of the dungeon, and saw 2 of its levels.
You visited the Abyss 1 time.

You collected 110 gold pieces.

Inventory:

Hand Weapons
 a - a +2 mace (weapon)
Armour
 b - a +0 leather armour (worn)
 g - a +0 pair of gloves
Jewellery
 e - a ring of protection from fire
 f - a ring of positive energy
Scrolls
 d - a scroll of identify
Potions
 c - 2 potions of heal wounds
 h - 2 potions of curing
 i - a potion of mutation {unknown}
 j - a potion of magic {unknown}


   Skills:
 + Level 3.5 Fighting
 + Level 2.9 Maces & Flails
 + Level 2.3 Armour
 + Level 1.5 Dodging
 + Level 0.9 Stealth
 + Level 2.0 Invocations


You had 4 spell levels left.
You didn't know any spells.
Your spell library was empty.

Dungeon Overview and Level Annotations

Branches:
Dungeon (2/15)

Altars:
Okawaru

Annotations:
D:2 Crazy Yiuf


Innate Abilities, Weirdness & Mutations

You have extremely sharp teeth.
Your natural rate of healing is unusually fast.
When hurt, damage is shared between your health and your magic reserves.
Your bite disrupts and absorbs the magic of your enemies.
Potions cannot restore your health.


Message History

You hit Terence. You bite Terence, but do no damage.
Terence is moderately wounded.
Terence barely misses you.
You thump Terence!
Terence is heavily wounded.
Terence hits you with a +0 mace. x2
You sock Terence! Your bite misses Terence.
Terence is almost dead.
Terence barely misses you.
You barely miss Terence. You bite Terence.
You kill Terence!
Lugonu accepts your kill.
You have reached level 5!
i - a grey potion
Things that are here:
a +0 mace; a +0 scale mail You start resting.
HP restored.
You start resting.
Found a mace.
Found a runed translucent door.
Crazy Yiuf shouts!
You open the door. You barely miss Crazy Yiuf. You bite Crazy Yiuf.
You drain his power.
Crazy Yiuf is lightly wounded.
Crazy Yiuf laughs, "Mugger tea meccalolo!"
Crazy Yiuf barely misses you.
You closely miss Crazy Yiuf. You bite Crazy Yiuf, but do no damage.
Crazy Yiuf is lightly wounded.
Crazy Yiuf barely misses you.
You closely miss Crazy Yiuf.
Crazy Yiuf is lightly wounded.
Crazy Yiuf hits you with a +4 quarterstaff of chaos!
You sock Crazy Yiuf!
Crazy Yiuf is heavily wounded.
Crazy Yiuf hits you with a +4 quarterstaff of chaos!
You feel yourself speed up.
Crazy Yiuf hits you with a +4 quarterstaff of chaos.
* * * LOW HITPOINT WARNING * * *
You are electrocuted!
You die...

####################
#................... *******
#################### ,,,,,,****
*,,,,.... ......#*,* ****,,...
......#*,* ###** ♣♣####*,,,..
......#*,* #)..#♣♣ ♣♣....######.
......##.# #...g@♣♣♣♣..........#)
>........# #...#♣..♣..........)).
.....###.# ###**♣♣♣.♣....##..#.#.
.........# ♣♣♣♣♣##....#...
.....#...# #........
.....#...################.....#..
.....#....#.......#..............
.#####....#................#..#..
#######..##......#####...........


You could see Crazy Yiuf.

Vanquished Creatures
  Terence (D:2)
  Jessica (D:2)
  Robin (D:2)
  2 adders (D:2)
  A dart slug (D:2)
  2 endoplasms (D:1)
  3 giant cockroaches (D:1)
  13 goblins
  4 hobgoblins
  2 quokkas (D:2)
  6 ball pythons
  6 bats
  4 frilled lizards
  5 kobolds
  3 rats (D:1)
54 creatures vanquished.

Notes
Turn   | Place    | Note
-------+----------+-------------------------------------------
     0 | Abyss:1  | Lugonue the Vine Stalker Abyssal Knight began the quest for
                  | the Orb.
     0 | Abyss:1  | Reached XP level 1. HP: 11/11 MP: 3/3
    48 | Abyss:1  | Noticed a small abomination
    49 | D:1      | Escaped the Abyss
   203 | D:1      | Reached skill level 3 in Fighting
   229 | D:1      | Found a faded altar of an unknown god.
   260 | D:1      | Reached XP level 2. HP: 15/16 MP: 4/4
   594 | D:1      | Reached * piety under Lugonu
  1124 | D:1      | Reached XP level 3. HP: 7/20 MP: 2/5
  1625 | D:2      | Reached skill level 1 in Dodging
  1767 | D:2      | Noticed Terence
  2145 | D:2      | Found an iron altar of Okawaru.
  2147 | D:2      | Noticed Jessica
  2166 | D:2      | Killed Jessica
  2167 | D:2      | Gained mutation: Your natural rate of healing is unusually
                  | fast. [Vine Stalker growth]
  2167 | D:2      | Reached XP level 4. HP: 6/24 MP: 2/6
  2364 | D:2      | Noticed Robin
  2376 | D:2      | Killed Robin
  2504 | D:2      | Killed Terence
  2505 | D:2      | Reached XP level 5. HP: 19/28 MP: 3/7
  2546 | D:2      | Found a runed translucent door.
  2547 | D:2      | Noticed Crazy Yiuf
  2554 | D:2      | Slain by Crazy Yiuf

Illustrated notes

Levels and vault maps discovered:
D:1:      minmay_arrival_diagonal_passages, layout_loops_cross,
          hellmonk_ecumenical_altar_crossroads
D:2:      layout_basic, basic_altar, uniq_crazy_yiuf_cottage, uniq_jessica,
          uniq_robin, uniq_terence

Skill      XL: |  1  2  3 |
---------------+----------+-----
Fighting       | 3 |  3.5
Invocations    | 2 |  2.0
Maces & Flails | 2 |  2.9
Dodging        | 1 |  1.5
Armour         | 2 |  2.3
Stealth        | |  0.9

Action                   |  1- 3 |  4- 6 || total
-------------------------+-------+-------++-------
Melee: Mace              |   103 |    47 ||   150
       Bite              |    15 |    12 ||    27
Invok: Depart the Abyss  |     1 |       ||     1
  Use: Scroll            |     4 |       ||     4
       Potion            |     1 |       ||     1
 Stab: Sleeping          |     2 |       ||     2
Armor: Leather armour    |    49 |     4 ||    53
Dodge: Dodged            |    80 |    26 ||   106

Table legend: (Time is in decaauts)
 A = Elapsed time spent in this place.
 B = Non-inter-level travel time spent in this place.
 C = Inter-level travel time spent in this place.
 D = Time resting spent in this place.
 E = Time spent auto-exploring this place.
 F = Levels seen in this place.
 G = Mean time per level.
                   A        B        C        D        E       F      G
               +--------+--------+--------+--------+--------+-----+--------+
         Total |   2608 |   2550 |     58 |    275 |   1775 |   3 |  869.3 |
       Dungeon |   2559 |   2501 |     58 |    275 |   1737 |   2 | 1279.5 |
         Abyss |     49 |     49 |      0 |      0 |     38 |   1 |   49.0 |
               +--------+--------+--------+--------+--------+-----+--------+

Top non-repeatable levels by time:
     D:1: 1870 daAuts
     D:2: 688 daAuts
 Abyss:1: 49 daAuts
